Map: Lerilak Crest

Players

InSiGhT

  • Race: Zerg Zerg
  • League: Bronze

CaptRaynor - Winner!

  • Race: Protoss Protoss
  • League: Grandmaster

VOD

Have the link to the VOD?

Description

Time

  • Played on: Aug. 11, 2015, 5:31 p.m.
  • Length: 15:23
Show
View Real Time Build Order
Export as new Build Order

InSiGhT Zerg 

Build Orders: Hatch First, Lurkers 

Get SALT Encoding   

  12  0:31  Drone  
  12  0:32  Hatchery  
  12  0:36  Drone  
  12  0:42  Drone  
  14  1:03  Spawning Pool  
  13  1:08  Drone  
  14  1:17  Overlord  
  14  1:19  Extractor  
  14  1:20  Drone  
  14  1:51  Zergling x2  
  15  1:55  Drone x2  
  15  1:56  Drone, Queen  
  15  2:00  Queen  
  22  2:06  Drone  
  23  2:14  Drone x2  
  25  2:18  Overlord  
  25  2:36  Spine Crawler  
  24  2:39  Drone x2  
  24  2:40  Drone x2  
  28  2:45  Overlord  
  28  2:58  Roach Warren  
  27  3:23  Lair  
  27  3:30  Drone x5  
  27  3:31  Drone x2  
  34  3:38  Overlord  
  34  3:40  Roach x3  
  39  4:00  Drone x4  
  39  4:01  Drone  
  44  4:04  Extractor  
  44  4:08  Roach x4, Extractor  
  50  4:27  Overseer  
  50  4:36  Drone  
  50  4:37  Drone, Overlord  
  52  4:48  Extractor  
  51  4:58  Ravager  
  51  4:59  Ravager x2  
  54  5:16  Ravager  
  48  5:44  Spore Crawler  
  48  5:48  Drone x3  
  50  5:58  Ravager x2  
  50  6:03  Drone x4  
  56  6:23  Glial Reconstitution  
  56  6:31  Hatchery  
  55  6:33  Evolution Chamber  
  55  6:35  Evolution Chamber  
  53  6:42  Drone x2, Overlord  
  53  6:44  Drone x4, Overlord  
  53  6:45  Overlord  
  59  6:55  Drone  
  59  6:56  Hydralisk Den  
  59  7:03  Queen  
  55  7:31  Spore Crawler  
  55  7:32  Hydralisk  
  55  7:33  Hydralisk x7  
  55  7:34  Hydralisk  
  72  7:43  Zerg Ground Armor Level 1  
  70  8:08  Zerg Missile Weapons Level 1, Roach x3  
  70  8:11  Queen  
  78  8:14  Lurker Den  
  78  8:32  Drone x4  
  82  8:34  Drone x2  
  84  8:47  Pneumatized Carapace  
  84  9:01  Drone x3  
  87  9:16  Drone  
  89  10:00  Lurker x2  
  89  10:02  Overlord x2  
  90  10:17  Overseer  
  88  10:35  Drone x3  
  91  10:37  Drone  
  91  10:38  Drone x3  
  91  10:41  Zerg Ground Armor Level 2, Zerg Missile Weapons Level 2  
  95  10:44  Drone x2  
  95  10:45  Drone x2  
  99  10:50  Extractor  
  99  10:51  Extractor  
  99  10:56  Spore Crawler  
  96  10:59  Hydralisk  
  96  11:00  Hydralisk x3  
  96  11:01  Roach  
  106  11:07  Overlord x2  
  105  11:31  Drone x3  
  107  11:58  Lurker x6  
  113  12:05  Overseer x5  
  113  12:26  Hatchery  
  113  12:28  Hydralisk  
  113  12:29  Hydralisk x4  
  122  12:37  Overlord  
  122  12:38  Overlord x2  
  122  13:10  Muscular Augments  
  122  13:14  Burrow  
  122  13:30  Hydralisk x3  
  122  13:31  Hydralisk x4  
  122  13:34  Ravager x4  
  92  14:18  Hydralisk x3  
  92  14:19  Hydralisk x5  
  108  14:29  Roach x3  
  108  14:30  Roach x8  
Show
View Real Time Build Order
Export as new Build Order

CaptRaynor Protoss - Winner!

Build Orders:  

Get SALT Encoding   

  12  0:01  Probe  
  13  0:15  Pylon  
  13  0:19  Probe  
  14  0:33  Probe  
  15  0:40  Gateway  
  15  0:45  Probe (Chrono Boost)  
  16  0:55  Probe (Chrono Boost)  
  17  1:02  Probe  
  17  1:03  Pylon  
  18  1:07  Assimilator  
  18  1:14  Probe (Chrono Boost)  
  19  1:21  Pylon  
  20  1:26  Probe (Chrono Boost)  
  20  1:31  Cybernetics Core  
  20  1:33  Zealot  
  23  1:40  Probe  
  23  1:50  Pylon  
  23  1:55  Pylon  
  23  2:00  Zealot  
  25  2:02  Probe  
  26  2:08  Warp Gate (Chrono Boost)  
  26  2:27  Adept  
  29  2:30  Assimilator  
  28  2:39  Mothership Core (Chrono Boost)  
  30  2:50  Nexus  
  30  3:03  Zealot  
  32  3:16  Stargate  
  32  3:18  Pylon  
  32  3:28  Gateway  
  32  3:30  Probe, Pylon  
  33  3:46  Robotics Facility  
  33  4:00  Adept  
  35  4:03  Probe x2  
  35  4:08  Oracle  
  40  4:19  Assimilator  
  40  4:24  Probe x2  
  40  4:30  Adept  
  44  4:37  Observer  
  45  4:43  Probe x2  
  47  4:52  Oracle  
  50  5:01  Pylon  
  50  5:07  Gateway  
  50  5:18  Probe x2  
  52  5:31  Assimilator  
  52  5:33  Stalker x2  
  56  5:39  Void Ray  
  56  5:42  Probe x2  
  62  6:07  Stalker x3  
  68  6:20  Probe x2  
  70  6:26  Void Ray  
  70  6:28  Immortal  
  78  6:33  Probe x2  
  80  6:54  Probe x2  
  82  7:08  Nexus  
  82  7:24  Adept  
  84  7:32  Pylon  
  84  7:36  Pylon  
  84  7:40  Pylon  
  84  7:50  Void Ray  
  88  8:04  Adept x2  
  88  8:05  Adept  
  94  8:09  Immortal  
  98  8:14  Robotics Bay  
  98  8:21  Gateway  
  98  8:22  Gateway  
  98  8:23  Probe x3  
  101  8:29  Stalker x3  
  107  8:38  Void Ray  
  111  9:06  Colossus  
  111  9:08  Extended Thermal Lance (Chrono Boost)  
  117  9:23  Zealot x2  
  121  9:32  Pylon  
  121  9:35  Pylon  
  121  9:36  Pylon  
  121  9:37  Pylon  
  121  9:45  Probe  
  122  9:50  Probe x2, Void Ray  
  128  10:11  Nexus  
  128  10:13  Pylon  
  125  10:29  Colossus (Chrono Boost)  
  125  10:35  Adept x3  
  133  10:36  Adept x2  
  133  10:41  Pylon  
  141  10:46  Void Ray  
  145  10:54  Forge  
  145  10:55  Forge  
  145  10:57  Forge  
  145  11:01  Pylon, Protoss Air Weapons Level 1 (Chrono Boost)  
  145  11:12  Sentry x3  
  145  11:17  Stalker x2  
  155  11:36  Protoss Ground Weapons Level 1 (Chrono Boost)  
  155  11:37  Protoss Shields Level 1 (Chrono Boost), Protoss Ground Armor Level 1 (Chrono Boost)  
  155  11:42  Void Ray  
  159  11:50  Pylon  
  159  11:52  Pylon  
  159  11:54  Colossus  
  159  11:56  Twilight Council  
  165  12:19  Assimilator  
  165  12:25  Assimilator  
  165  12:29  Gateway, Void Ray  
  169  12:32  Gateway  
  169  12:40  Stalker x5  
  179  12:52  Assimilator  
  179  12:53  Protoss Air Armor Level 1 (Chrono Boost)  
  179  12:56  Assimilator  
  179  12:59  Immortal  
  179  13:02  Shield Upgrade (Chrono Boost)  
  180  13:13  Protoss Ground Weapons Level 2 (Chrono Boost)  
  180  14:00  Void Ray  
  158  14:22  Zealot x7  
  172  14:44  Fleet Beacon  
  178  14:49  Pylon  
Tags
 
Add a new tag
Caveats
  • Supply blocks, unpowered buildings, or Contaminate may cause inaccurate times.
  • Supply counts are checked every 10 seconds.